 Dungeon Crawl Stone Soup version 0.31-a0-182-gc5ef74bbde (webtiles) character file.

Game seed: 7625514706067608500

637 qw the Chopper (level 7, -3/44 HPs)
             Began as a Gargoyle Fighter on June 21, 2023.
             Slain by a gnoll
             ... wielding a +0 halberd
             ... led by a gnoll bouda
              (4 damage)
             ... on level 7 of the Dungeon.
             The game lasted 00:01:31 (2800 turns).

qw the Chopper (Gargoyle Fighter)                   Turns: 2800, Time: 00:01:31

Health: -3/44      AC: 16    Str: 26    XL:     7   Next: 50%
Magic:  6/6        EV: 10    Int:  7    God:
Gold:   249        SH:  4    Dex:  8    Spells: 6/6 levels left

rFire   + . .        Y - +0 war axe
rCold   + . .        c - +0 buckler
rNeg    + . .        b - +0 scale mail
rPois   inf          (no helmet)
rElec   +            f - scarf {repulsion}
rCorr   .            (no gloves)
SInv    .            r - +0 pair of boots
Will    .....        (no amulet) Stlth
                     n - ring of protection from fire
HPRegen 0.27/turn    m - +4 ring of protection
MPRegen 0.10/turn

%: repel missiles
@: weakened
A: sickness immunity, AC +4, negative energy resistance 1, electricity
resistance, torment resistance 1, petrification resistance, cold resistance 1,
low MP 1, strong 1
a: no special abilities


You were on level 7 of the Dungeon.
You visited 1 branch of the dungeon, and saw 5 of its levels.

You collected 249 gold pieces.


Innate Abilities, Weirdness & Mutations

You are immune to sickness and miasma.
Your stone body is resilient. (AC +4)
You are immune to poison.
You resist negative energy. (rN+)
You are resistant to electric shocks. (rElec)
You are resistant to unholy torment.
You are immune to petrification.
Your flesh is cold resistant. (rC+)
Your magical capacity is low. (-10% MP)
Your muscles are strong. (Str +4, Int/Dex -1)


   Skills:
 - Level 4.7 Fighting
 - Level 6.3 Axes
 + Level 1.2 Throwing
 - Level 3.2 Armour
 - Level 1.5 Dodging
 - Level 3.2 Shields


You had 6 spell levels left.
You didn't know any spells.
Your spell library was empty.

Inventory:

Hand Weapons
 k - a +0 flail
 Y - a +0 war axe (weapon)
Missiles
 h - 3 boomerangs
 t - 4 silver boomerangs (quivered)
 x - 4 silver javelins
Armour
 b - a +0 scale mail (worn)
 c - a +0 buckler (worn)
 f - a scarf of repulsion (worn)
 r - a +0 pair of boots (worn)
Jewellery
 e - a ring of ice
 m - a +4 ring of protection (right hand)
 n - a ring of protection from fire (left hand)
 q - a +6 ring of dexterity
Scrolls
 a - a scroll of identify
 l - a scroll of fog {unknown}
 v - a scroll of vulnerability {unknown}
Potions
 d - 2 potions of might
 g - a potion of haste
 i - a potion of ambrosia {unknown}
 j - a potion of mutation
 o - 2 potions of curing {unknown}
 p - a potion of enlightenment {unknown}
 s - a potion of brilliance {unknown}

Dungeon Overview and Level Annotations

Branches:
Dungeon (7/15)
 Temple: D:4-7

Altars:
Trog

Shops:
D:1 =


Message History

You barely miss the gnoll.
The lemure shouts!
You slash the gnoll!
You hear a shout!
The wyvern bites you! The gnoll closely misses you. x2
The gnoll bouda calls upon its god to heal the gnoll.
The gnoll is healed somewhat.
The gnoll hits you with a +0 flail.
The wyvern bites you but does no damage.
You slash the wyvern!
The wyvern is severely wounded.
You hit the gnoll but do no damage. You closely miss the gnoll.
The gnoll hits you with a +0 flail. You block the wyvern's attack.
The gnoll barely misses you. The gnoll closely misses you.
The gnoll hits you but does no damage.
The wyvern hisses menacingly.
The wyvern bites you!
You slash the wyvern!
You kill the wyvern!
You hit the gnoll.
You hit the gnoll bouda but do no damage.
You closely miss the gnoll. You block the gnoll's attack.
A lemure comes into view.
The gnoll closely misses you. The gnoll barely misses you.
Your Axes skill increases to level 6!
You slash the gnoll!
You kill the gnoll!
You closely miss the gnoll. You barely miss the gnoll bouda.
You block the gnoll's attack. The gnoll bouda closely misses you.
The gnoll hits you but does no damage. The gnoll hits you with a +0 club.
The gnoll bouda gazes fiercely through you!
You feel your attacks grow feeble.
The gnoll bouda hits you with a +0 whip.
The gnoll hits you from afar with a +0 halberd.
You slash the gnoll!
You kill the gnoll!
You barely miss the gnoll bouda. You barely miss the gnoll.
The gnoll hits you with a +0 club!
The gnoll hits you from afar with a +0 halberd.
You die...

####+####..##...
### ### # .
####5#.5..
#%@g5.....
#....)gg.....
#......###.....
......# 8...
.....# #.# ...##
) .##


You could see 3 lemures, a gnoll bouda and 2 gnolls.

Vanquished Creatures
  A wyvern (D:7)
  A black bear (D:7)
  A scorpion (D:4)
  A hound (D:7)
  4 orc wizards
  6 gnolls
  6 adders
  2 ufetubi
  2 worms (D:2)
  2 dart slugs
  16 orcs
  6 bats
  4 endoplasms
  3 giant cockroaches
  6 goblins
  5 hobgoblins
  4 jackals (D:4)
  3 quokkas
  2 ball pythons
  5 frilled lizards
  4 kobolds
  6 rats
90 creatures vanquished.

Notes
Turn   | Place    | Note
-------+----------+-------------------------------------------
     0 | D:1      | qw the Gargoyle Fighter began the quest for the Orb.
     0 | D:1      | Reached XP level 1. HP: 14/14 MP: 1/1
     0 | D:1      | 0 ||| qw: Version: 0.3-a-9-g12657ce
     0 | D:1      | 0 ||| qw: Game counter: 1607
     0 | D:1      | 0 ||| qw: Always use a shield: true
     0 | D:1      | 0 ||| qw: God list: Okawaru
     0 | D:1      | 0 ||| qw: Allow faded altars: false
     0 | D:1      | 0 ||| qw: Do Orc after D:15 true
     0 | D:1      | 0 ||| qw: Do second Lair branch before Depths: true
     0 | D:1      | 0 ||| qw: Lair rune preference: random
     0 | D:1      | 0 ||| qw: Plans: Normal, Zot:1-4, Slime:5, God:TSO, Crypt,
                  | Tomb, Abyss, Pan, Hells, Win
     0 | D:1      | 0 ||| PLANNING D:1-11
    30 | D:1      | Reached skill level 2 in Axes
    66 | D:1      | Found Santyil's Jewellery Emporium.
    71 | D:1      | 71 ||| Stepping ~*~*~tactically~*~*~ (hiding).
   101 | D:1      | 101 ||| SHOPLISTING +4 ring of slaying (936 gold, have 0).
   101 | D:1      | 101 ||| SHOPLISTING amulet of the acrobat (360 gold, have
                  | 0).
   101 | D:1      | 101 ||| SHOPLISTING ring of protection from cold (300 gold,
                  | have 0).
   101 | D:1      | 101 ||| SHOPLISTING ring of resist corrosion (240 gold,
                  | have 0).
   101 | D:1      | 101 ||| SHOPLISTING ring of willpower (300 gold, have 0).
   147 | D:1      | Reached XP level 2. HP: 19/19 MP: 2/2
   698 | D:1      | 698 ||| UPGRADING to scarf of repulsion.
   703 | D:1      | 703 ||| READING 3 scrolls labelled DETHRE WIYFORRI.
   704 | D:1      | 704 ||| DRINKING 2 lumpy sapphire potions.
   705 | D:1      | 705 ||| READING 2 scrolls of identify.
   705 | D:1      | 705 ||| IDENTIFYING fizzy ruby potion
   706 | D:1      | 706 ||| DROPPING potion of degeneration.
   810 | D:2      | 810 ||| Stepping ~*~*~tactically~*~*~ (stealth).
   816 | D:2      | Reached skill level 3 in Axes
   826 | D:2      | Reached XP level 3. HP: 23/23 MP: 3/3
   849 | D:2      | HP: 5/23 [adder (1)]
   850 | D:2      | 850 ||| DRINKING potion of heal wounds.
   972 | D:2      | Reached XP level 4. HP: 14/28 MP: 4/4
   973 | D:2      | Reached skill level 4 in Axes
  1029 | D:2      | 1029 ||| DROPPING +0 whip.
  1030 | D:2      | 1030 ||| DROPPING +0 club.
  1059 | D:2      | 1059 ||| Stepping ~*~*~tactically~*~*~ (stealth).
  1097 | D:2      | 1097 ||| FLEEEEING.
  1098 | D:2      | 1098 ||| FLEEEEING.
  1103 | D:2      | 1103 ||| Stepping ~*~*~tactically~*~*~ (hiding).
  1526 | D:2      | 1526 ||| UPGRADING to +6 ring of dexterity.
  1527 | D:2      | 1527 ||| UPGRADING to +4 ring of protection.
  1528 | D:2      | 1528 ||| READING scroll labelled QUFYATIDAO.
  1533 | D:2      | 1533 ||| READING scroll labelled TAAGOQIFEA.
  1534 | D:2      | 1534 ||| READING scroll labelled LAISMOAHEU INOT.
  1623 | D:3      | Reached skill level 1 in Dodging
  1623 | D:3      | Reached XP level 5. HP: 21/32 MP: 5/5
  1744 | D:3      | Found a bloodstained altar of Trog.
  1748 | D:3      | 1748 ||| Stepping ~*~*~tactically~*~*~ (stealth).
  1749 | D:3      | 1749 ||| Stepping ~*~*~tactically~*~*~ (stealth).
  1751 | D:3      | 1751 ||| Stepping ~*~*~tactically~*~*~ (stealth).
  1781 | D:3      | 1781 ||| Stepping ~*~*~tactically~*~*~ (hiding).
  2169 | D:3      | 2169 ||| UPGRADING to +0 pair of boots.
  2174 | D:3      | 2174 ||| UPGRADING to ring of protection from fire.
  2176 | D:3      | 2176 ||| READING scroll labelled COTE FYFRYXEO.
  2177 | D:3      | 2177 ||| DRINKING 2 cyan potions.
  2177 | D:3      | Gained mutation: Your magical capacity is low. (-10% MP)
                  | [potion of mutation]
  2177 | D:3      | Gained mutation: Your muscles are strong. (Str +4, Int/Dex
                  | -1) [potion of mutation]
  2177 | D:3      | Gained mutation: Your flesh is cold resistant. (rC+)
                  | [potion of mutation]
  2178 | D:3      | 2178 ||| READING 2 scrolls of identify.
  2178 | D:3      | 2178 ||| IDENTIFYING fuming amethyst potion
  2263 | D:4      | Reached skill level 5 in Axes
  2263 | D:4      | Reached XP level 6. HP: 19/37 MP: 5/5
  2343 | D:4      | Reached skill level 1 in Throwing
  2689 | D:4      | You fall into a shaft and drop 3 floors!
  2698 | D:7      | Noticed a black bear
  2699 | D:7      | 2699 ||| Stepping ~*~*~tactically~*~*~ (stealth).
  2708 | D:7      | Killed a black bear
  2774 | D:7      | Reached XP level 7. HP: 32/44 MP: 6/6
  2789 | D:7      | HP: 10/44 [gnoll/+0 halberd (3)]
  2790 | D:7      | 2790 ||| READING scroll of teleportation.
  2791 | D:7      | 2791 ||| DRINKING potion of heal wounds.
  2792 | D:7      | Noticed a wyvern
  2798 | D:7      | Killed a wyvern
  2799 | D:7      | Reached skill level 6 in Axes
  2799 | D:7      | HP: 11/44 [gnoll bouda/+0 whip (1)]
  2800 | D:7      | HP: 1/44 [gnoll/+0 club[a gnoll bouda] (7)]
  2800 | D:7      | Slain by a gnoll

Levels and vault maps discovered:
D:1:      minmay_arrival_plants_in_alcoves, layout_loops_ring, serial_shops,
          shop
D:2:      layout_loops_cross
D:3:      layout_basic, lemuel_crystal_altar
D:4:      layout_layer_cave, uniq_crazy_yiuf_cottage
D:7:      layout_gridville, nicolae_tso_carved_into_rock,
          nicolae_qazlal_style_of_elements, uniq_pikel, uniq_maggie

Skill      XL: |  1  2  3  4  5  6  7 |
---------------+----------------------+-----
Axes           | 2 3 4 5 6 |  6.3
Dodging        | 1 |  1.5
Throwing       | 1 |  1.2
Fighting       | 4 |  4.7
Armour         | |  3.2
Shields        | |  3.2

Action                     |  1- 3 |  4- 6 |  7- 9 || total
---------------------------+-------+-------+-------++-------
  Melee: War axe           |    86 |   128 |    24 ||   238
  Throw: Boomerang         |    13 |    56 |       ||    69
    Use: Scroll            |     2 |     5 |     1 ||     8
         Potion            |     2 |     1 |     1 ||     4
 Armour: Scale mail        |    48 |    86 |    43 ||   177
  Dodge: Dodged            |    44 |    67 |    37 ||   148
         Repelled          |       |     2 |       ||     2
  Block: Buckler           |    15 |    25 |     8 ||    48

Table legend:
 A = Non-vault XP
 B = Vault XP
 C = Vault XP percentage of total XP
 D = Non-vault monster count
 E = Vault monster count
 F = Vault count percentage of total count
                 A         B        C        D         E       F
            +---------+---------+-------+---------+---------+-------
      Total |     924 |       0 |   0.0 |      90 |       0 |   0.0
            +---------+---------+-------+---------+---------+-------
        D:1 |      23 |       0 |   0.0 |      16 |       0 |   0.0
        D:2 |     111 |       0 |   0.0 |      25 |       0 |   0.0
        D:3 |     110 |       0 |   0.0 |      20 |       0 |   0.0
        D:4 |     167 |       0 |   0.0 |      13 |       0 |   0.0
        D:7 |     513 |       0 |   0.0 |      16 |       0 |   0.0
            +---------+---------+-------+---------+---------+-------
